 Dungeon Crawl Stone Soup version 0.18.1-8-gdd0e5ea (webtiles) character file.

19814 juanjsm the Covert (level 12, -2/53 HPs)
             Began as a Spriggan Venom Mage on May 27, 2016.
             Was a High Priest of Vehumet.
             Killed from afar by a rime drake (26 damage)
             ... with a flash freeze
             ... on level 6 of the Lair of Beasts on May 31, 2016.
             The game lasted 03:08:24 (20511 turns).

juanjsm the Covert (Spriggan Venom Mage)           Turns: 20511, Time: 03:08:24

Health: -2/53      AC: 11    Str:  4    XL:     12   Next: 39%
Magic:  4/28       EV: 30    Int: 23    God:    Vehumet [*****.]
Gold:   911        SH:  5    Dex: 17    Spells: 8 memorised, 8 levels left

rFire  + . .     SeeInvis +     G - +0 dagger (freeze)
rCold  . . .     Gourm    .     M - +2 robe of the Locust {rF+ Int+2}
rNeg   . . .     Faith    .     (shield restricted)
rPois  .         Spirit   .     g - +2 hat
rElec  .         Dismiss  .     y - +2 cloak
rCorr  .         Reflect  +     (gloves unavailable)
SustAt .         Harm     .     (boots unavailable)
MR     ++...                    j - +5 amulet of reflection
Stlth  ++++++++..               F - +2 ring of protection
                                n - ring of stealth

@: very quick, very resistant to hostile enchantments, extraordinarily stealthy
A: unfitting armour, see invisible, herbivore 3, speed 3, slow metabolism 2
a: Renounce Religion


You were on level 6 of the Lair of Beasts.
You worshipped Vehumet.
Vehumet was extremely pleased with you.
You were hungry.

You visited 3 branches of the dungeon, and saw 18 of its levels.
You also visited: Labyrinth.

You collected 981 gold pieces.
You spent 70 gold pieces at shops.

Inventory:

Hand Weapons
 e - a +2 whip of electrocution
 p - a +0 hunting sling
 G - a +0 dagger of freezing (weapon)
Missiles
 d - 115 sling bullets
Armour
 g - a +2 hat (worn)
 v - a +0 robe of cold resistance
 y - a +2 cloak (worn)
 M - the +2 robe of the Locust (worn) {rF+ Int+2}
   (You found it on level 4 of the Lair of Beasts)

   It affects your intelligence (+2).
   It protects you from fire.
 R - a +1 buckler
Jewellery
 j - a +5 amulet of reflection (around neck)
 n - a ring of stealth (left hand)
 F - a +2 ring of protection (right hand)
 L - an uncursed ring of flight
Wands
 i - a wand of digging (5/24)
 k - a wand of digging (13/24)
 m - a wand of iceblast (10/15)
 s - a wand of disintegration (8/24)
 t - a wand of lightning (9/15)
 x - a wand of flame (30/48)
 E - a wand of random effects (18/48)
 H - a wand of polymorph (3/24)
 J - a wand of flame (11/48)
 O - a wand of confusion (23/48)
Scrolls
 a - 4 scrolls of magic mapping
 b - a scroll of fog
 r - 2 scrolls of enchant armour
 w - 6 scrolls of teleportation
 z - a scroll of blinking
 B - 6 scrolls of recharging
 C - a scroll of enchant weapon {unknown}
 I - 2 scrolls of amnesia {unknown}
 K - a scroll of identify
 N - a scroll of fear
Potions
 f - 5 potions of agility
 h - a potion of mutation
 l - a potion of invisibility
 o - 5 potions of brilliance
 q - 7 potions of curing
 u - a potion of might
 A - 3 potions of flight
 D - 4 potions of haste
 P - a potion of ambrosia {unknown}
 T - a potion of magic {unknown}
Comestibles
 c - 10 bread rations
 Q - 10 fruits
 S - a slice of pizza


   Skills:
 - Level 1.3 Fighting
 + Level 3.8 Short Blades
 - Level 0.8 Maces & Flails
 * Level 13.8 Dodging
 * Level 14.5 Stealth
 * Level 3.1 Shields
 * Level 11.1 Spellcasting
 * Level 6.2 Conjurations
 + Level 0.8 Hexes
 + Level 0.3 Transmutations
 - Level 0.3 Air Magic
 + Level 8.3 Poison Magic


You had 8 spell levels left.
You knew the following spells:

 Your Spells              Type           Power        Failure   Level  Hunger
a - Sting                 Conj/Pois      ####         1%          1    None
b - Cure Poison           Pois           ######....   1%          2    None
c - Mephitic Cloud        Conj/Pois/Air  #####...     1%          3    None
d - Olgreb's Toxic Radia  Pois           ######..     1%          4    None
e - Venom Bolt            Conj/Pois      #####.....   2%          5    ####...
f - Fulminant Prism       Conj/Hex       ####......   4%          4    None
g - Ignite Poison         Fire/Trmt/Pois ####....     1%          3    None
h - Inner Flame           Hex/Fire       ##......     4%          3    None


Dungeon Overview and Level Annotations

Branches:
Dungeon (10/15)            Temple (1/1) D:6            Lair (7/8) D:9
  Swamp (0/4) Lair:6        Snake (0/4) Lair:5
  Slime: Lair:6-8       Orc: D:9-12

Altars:
Ashenzari
Cheibriados
Dithmenos
Elyvilon
Fedhas
Gozag
Kikubaaqudgha
Makhleb
Nemelex Xobeh
Okawaru
Pakellas
Qazlal
Ru
Sif Muna
Trog
Vehumet
Xom
Yredelemnul
Zin
The Shining One

Shops:
D:4 =   D:8 ?

Annotations:
D:3 georgeearnest's ghost, amateur DrMo
D:4 barakagiga's ghost, amateur SpAs
D:5 Dowan; Duvessa


Innate Abilities, Weirdness & Mutations

You are tiny and cannot use many weapons and most armour.
You have supernaturally acute eyesight.
You are a herbivore.
You cover ground extremely quickly.
You need consume almost no food.


Message History

The black mamba misses you. The black mamba completely misses you.
Casting: Cure Poison
Confirm with . or Enter, or press ? or * to list all spells.
Aiming: Venom Bolt
Press: ? - help, Shift-Dir - straight line, f/p - black mamba
Aim: a black mamba (heavily wounded)
The bolt of poison hits the black mamba.
The black mamba is severely wounded.
The black mamba misses you. The black mamba completely misses you.
Casting: Venom Bolt
Confirm with . or Enter, or press ? or * to list all spells.
You don't have enough magic to cast that spell.
You see here an ivory wand.
Found a hand axe.
The black mamba completely misses you.
A rime drake comes into view.
The black mamba closely misses you. The rime drake breathes ice at you.
The flash freeze hits you!
You die...

....##....#.......#..##.
................#.../...
..#k..⌠...+.#.⌠.......⌠.
..........#.....#.#.....
......#.............#.##
..#.......##......#.....
#...##..##...#+.##.#####
.......S...##..)#... .
#......@.........#. . ...##
.....#......⌠.>.⌠# ....###
#........#..#..... .... ...Y..#
#..........P.#.⌠.#..... ..YY.#
#...........#...#P....# ....#
####.......#P......P......#
..PP###..$.......#...............
.P..##...........#P......P....##.
................P................


You could see a black mamba and a rime drake.

Vanquished Creatures
  A minotaur (Lab)
  Erica (D:9)
  A necromancer (Lair:3)
  Pikel (D:9)
  A griffon (Lair:3)
  3 elephants
  Joseph (D:9)
  A black mamba (Lair:2)
  3 spiny frogs
  A rime drake (Lair:4)
  3 komodo dragons
  A troll (D:9)
  A slime creature (D:8)
  2 shadows (Lab)
  6 redbacks (Lab)
  A spriggan (D:7)
  A basilisk (Lair:4)
  9 hippogriffs
  Grum (D:8)
  20 yaks
  4 water moccasins
  3 porcupines
  3 orc warriors
  An ice beast (D:10)
  A sky beast (D:9)
  A slave (D:9)
  7 ogres
  4 centaurs
  17 wolves
  7 crocodiles
  11 giant frogs
  A big kobold (D:8)
  Blork the orc (D:6)
  A scorpion (D:7)
  3 wights (D:9)
  3 howler monkeys
  3 electric eels (Lair:1)
  4 crimson imps
  A giant frog zombie (D:7)
  A centaur zombie (D:7)
  6 jellies
  4 orc priests
  5 hounds
  Crazy Yiuf (D:7)
  2 centaur skeletons
  Ijyb (D:3)
  Jessica (D:3)
  8 iguanas
  9 orc wizards
  2 hell rats (Lair:5)
  4 worker ants
  A wolf simulacrum (Lair:3)
  7 sheep
  A hound zombie (D:7)
  A hound skeleton (D:8)
  A howler monkey zombie (D:6)
  Robin (D:3)
  9 adders
  6 gnolls
  A howler monkey skeleton (D:9)
  44 river rats
  15 oozes
  2 adder skeletons
  7 worms
  A dart slug (D:2)
  3 giant geckos
  29 orcs
  2 ball pythons
  7 giant cockroaches
  15 goblins
  7 hobgoblins
  12 jackals
  10 kobolds
  A quokka (D:6)
  5 bats
  3 giant newts
  A quokka skeleton (D:9)
  10 rats
  A river rat simulacrum (Lair:3)
  A butterfly (Lair:6)
  A fulminant prism (D:8)
384 creatures vanquished.

Vanquished Creatures (others)
  15 fulminant prisms
  22 fungi
  5 plants
  4 toadstools (D:1)
46 creatures vanquished.

Grand Total: 430 creatures vanquished

Notes
Turn   | Place    | Note
--------------------------------------------------------------
     0 | D:1      | juanjsm the Spriggan Venom Mage began the quest for the Orb.
     0 | D:1      | Reached XP level 1. HP: 9/9 MP: 5/5
   116 | D:2      | Reached XP level 2. HP: 13/13 MP: 0/6
   125 | D:2      | Learned a level 2 spell: Cure Poison
   796 | D:2      | Reached XP level 3. HP: 16/16 MP: 5/8
   801 | D:2      | Learned a level 3 spell: Mephitic Cloud
   960 | D:3      | Noticed Jessica
  1195 | D:2      | Reached XP level 4. HP: 19/21 MP: 0/10
  1204 | D:2      | Learned a level 4 spell: Olgreb's Toxic Radiance
  1267 | D:2      | Found a glowing golden altar of the Shining One.
  1680 | D:3      | Noticed Robin
  1857 | D:3      | Found an ancient bone altar of Kikubaaqudgha.
  1862 | D:3      | Found a blossoming altar of Fedhas.
  1892 | D:3      | Found an iron altar of Okawaru.
  1908 | D:3      | Noticed georgeearnest's ghost (amateur DrMo)
  2070 | D:3      | HP: 1/21 [gnoll/halberd (12)]
  2381 | D:3      | Reached skill level 4 in Stealth
  2648 | D:3      | Noticed Ijyb
  2665 | D:3      | Killed Ijyb
  2665 | D:3      | Reached skill level 1 in Conjurations
  2665 | D:3      | Reached XP level 5. HP: 24/24 MP: 2/12
  2787 | D:3      | Killed Robin
  2903 | D:3      | Killed Jessica
  3177 | D:5      | Entered Level 5 of the Dungeon
  3566 | D:4      | Reached skill level 5 in Poison Magic
  3581 | D:4      | Found a white marble altar of Elyvilon.
  3582 | D:4      | Noticed barakagiga's ghost (amateur SpAs)
  3759 | D:4      | Found a sparkling altar of Nemelex Xobeh.
  3771 | D:4      | Found Fulaih's Jewellery Shoppe.
  3829 | D:5      | Noticed a sky beast
  3852 | D:4      | Reached XP level 6. HP: 29/29 MP: 13/13
  4004 | D:4      | Reached skill level 5 in Stealth
  4044 | D:4      | Found a deep blue altar of Sif Muna.
  4380 | D:5      | Found a shattered altar of Ashenzari.
  4497 | D:5      | Reached skill level 5 in Spellcasting
  4519 | D:5      | Found a glowing silver altar of Zin.
  4519 | D:5      | Noticed an angel
  4628 | D:5      | Noticed Duvessa
  4628 | D:5      | Noticed Dowan
  4658 | D:5      | Reached skill level 5 in Dodging
  4658 | D:5      | Reached XP level 7. HP: 16/32 MP: 11/15
  4665 | D:5      | Learned a level 5 spell: Venom Bolt
  4707 | D:5      | Reached skill level 6 in Stealth
  5363 | D:6      | Noticed Blork the orc
  5489 | D:6      | Found a staircase to the Ecumenical Temple.
  5499 | Temple   | Entered the Ecumenical Temple
  5510 | Temple   | Became a worshipper of Vehumet
  5759 | D:6      | Found a shimmering altar of Xom.
  5799 | D:6      | Reached skill level 7 in Stealth
  5822 | D:6      | Found a burning altar of Makhleb.
  5840 | D:6      | Reached XP level 8. HP: 37/37 MP: 1/18
  6005 | D:6      | Killed Blork the orc
  6005 | D:6      | Reached skill level 8 in Stealth
  6101 | D:6      | Reached * piety under Vehumet
  6101 | D:6      | Offered knowledge of Freeze by Vehumet.
  6883 | D:7      | Found a shimmering altar of Xom.
  7008 | D:7      | Reached skill level 9 in Stealth
  7064 | D:7      | Noticed Crazy Yiuf
  7069 | D:7      | Killed Crazy Yiuf
  7278 | D:7      | Found a burning altar of Makhleb.
  7280 | D:7      | Noticed an Executioner
  7284 | D:7      | Noticed an orange demon
  7284 | D:7      | Noticed a smoke demon
  7320 | D:7      | Found a snail-covered altar of Cheibriados.
  7519 | D:8      | Found a shadowy altar of Dithmenos.
  7592 | D:10     | Entered Level 10 of the Dungeon
  7673 | D:8      | Reached XP level 9. HP: 40/40 MP: 14/20
  7742 | D:8      | Offered knowledge of Throw Flame by Vehumet.
  7787 | D:9      | Reached skill level 10 in Stealth
  7850 | D:8      | Noticed Grum
  7851 | D:8      | Reached ** piety under Vehumet
  8154 | D:8      | Found Iloxabol's Magic Scroll Shop.
  8253 | D:8      | Killed Grum
  8326 | D:8      | Reached skill level 11 in Stealth
  8731 | D:8      | Offered knowledge of Stone Arrow by Vehumet.
  8858 | D:8      | Identified a scroll of acquirement
  8968 | D:8      | Reached *** piety under Vehumet
  9330 | D:9      | Found a staircase to the Lair.
  9330 | D:9      | Noticed an elephant
  9341 | D:9      | Found a shimmering altar of Xom.
  9362 | D:9      | Noticed Erica
  9367 | D:9      | Noticed Joseph
  9378 | D:9      | Reached skill level 10 in Dodging
  9394 | D:9      | Killed Erica
  9394 | D:9      | Reached skill level 12 in Stealth
  9394 | D:9      | Reached XP level 10. HP: 44/44 MP: 23/23
  9448 | D:9      | Killed Joseph
  9452 | D:9      | Killed an elephant
  9585 | D:9      | Offered knowledge of Fulminant Prism by Vehumet.
 10148 | D:9      | Noticed Pikel
 10350 | D:10     | Learned a level 4 spell: Fulminant Prism
 10485 | D:9      | Killed Pikel
 10525 | D:9      | Found an opulent altar of Gozag.
 10526 | D:9      | Found a sparkling altar of Nemelex Xobeh.
 10701 | Lair:1   | Entered Level 1 of the Lair of Beasts
 10723 | Lair:1   | Noticed a spiny frog
 10738 | Lair:2   | Noticed a spiny frog
 10850 | Lair:1   | Noticed a spiny frog
 10881 | Lair:1   | Reached **** piety under Vehumet
 11016 | Lair:1   | Found a labyrinth entrance.
 11023 | Lab      | Entered a labyrinth
 11145 | Lab      | Reached skill level 13 in Stealth
 11366 | Lab      | Found an exit through the horrors of the Abyss.
 11409 | Lab      | Offered knowledge of Inner Flame by Vehumet.
 11792 | Lab      | Reached XP level 11. HP: 48/48 MP: 22/25
 11826 | Lab      | Noticed a minotaur
 11838 | Lab      | Killed a minotaur
 11838 | Lab      | Reached skill level 1 in Shields
 11838 | Lab      | Reached skill level 5 in Conjurations
 11854 | Lab      | Identified a +4 rod of ignition (10/10) (You found it in a labyrinth)
 11884 | Lab      | Got a shimmering robe
 11896 | Lab      | Identified the +2 robe "Giurelo" {rF- rCorr Dex+8 Stlth+} (You found it in a labyrinth)
 12100 | Lair:1   | Learned a level 3 spell: Ignite Poison
 12523 | Lair:1   | Reached skill level 1 in Short Blades
 14744 | Lair:2   | Reached skill level 10 in Spellcasting
 15511 | Lair:3   | Reached skill level 1 in Fighting
 15836 | Lair:3   | Reached skill level 14 in Stealth
 16003 | Lair:3   | Learned a level 3 spell: Inner Flame
 16210 | Lair:3   | Noticed a griffon
 16312 | Lair:3   | Killed a griffon
 16445 | Lair:3   | Noticed a necromancer
 16450 | Lair:3   | Killed a necromancer
 16893 | Lair:5   | Reached ***** piety under Vehumet
 16998 | Lair:4   | Offered knowledge of Delayed Fireball by Vehumet.
 17244 | D:8      | Bought a scroll of remove curse for 42 gold pieces
 17244 | D:8      | Bought a scroll of identify for 28 gold pieces
 17402 | D:4      | Identified Sif Muna's Compendium of Confrontation
 17926 | Lair:4   | Reached XP level 12. HP: 43/53 MP: 3/27
 18215 | Lair:4   | Got a faintly humming robe
 19381 | Lair:4   | Identified the +2 robe of the Locust {rF+ Int+2} (You found it on level 4 of the Lair of Beasts)
 19505 | Lair:5   | Found a staircase to the Snake Pit.
 19910 | Lair:5   | Noticed a five-headed hydra
 20321 | Lair:7   | Noticed a five-headed hydra
 20457 | Lair:6   | Found a staircase to the Swamp.
 20511 | Lair:6   | Killed from afar by a rime drake

Skill      XL: |  1  2  3  4  5  6  7  8  9 10 11 12 |
---------------+-------------------------------------+-----
Spellcasting   | 3 4 5 6 7 8 9 10 11 | 11.1
Stealth        | 4 5 7 9 12 13 14 | 14.5
Conjurations   | 1 2 3 4 5 6 |  6.2
Dodging        | 4 5 6 8 10 12 13 | 13.8
Poison Magic   | 5 6 7 8 |  8.3
Shields        | 2 3 |  3.1
Short Blades   | 3 |  3.8
Fighting       | 1 |  1.3
Maces & Flails | |  0.8
Hexes          | |  0.8
Transmutations | |  0.3
Air Magic      | |  0.3

Action                   |  1- 3 |  4- 6 |  7- 9 | 10-12 || total
-------------------------+-------+-------+-------+-------++-------
Melee: Whip              |    40 |    94 |   338 |   247 ||   719
       Dagger            |       |       |       |   230 ||   230
 Cast: Sting             |    53 |   113 |   155 |   304 ||   625
       Mephitic Cloud    |       |     5 |    17 |    23 ||    45
       Cure Poison       |       |     2 |     2 |     7 ||    11
       Olgreb's Toxic Ra |       |       |     1 |       ||     1
       Venom Bolt        |       |       |     4 |   132 ||   136
       Fulminant Prism   |       |       |       |    16 ||    16
       Ignite Poison     |       |       |       |     7 ||     7
 Abil: Evoke Flight      |       |       |       |     1 ||     1
  Use: Scroll            |       |     8 |    16 |     9 ||    33
       Potion            |       |       |     3 |     2 ||     5
 Stab: Sleeping          |     3 |    13 |    17 |    32 ||    65
       Confused          |       |     4 |    17 |    10 ||    31
       Distracted        |       |       |     3 |     3 ||     6
  Eat: Fruit             |       |     1 |     2 |       ||     3
       Pizza             |       |       |     1 |     2 ||     3
       Bread ration      |       |       |     1 |     5 ||     6
Armor: Robe              |     5 |    23 |    42 |    39 ||   109
Dodge: Dodged            |    42 |   120 |   343 |   469 ||   974
Block: Other             |       |       |    13 |    83 ||    96
       Buckler           |       |       |       |   152 ||   152
